 Dungeon Crawl Stone Soup version 0.13-a0-2884-gbbf8bdf (webtiles) character file.

2745 Bikalo the Jinx (level 9, -4/40 HPs)
             Began as a Spriggan Enchanter on Aug 29, 2013.
             Slain by a worker ant (6 damage)
             ... on Level 8 of the Dungeon.
             The game lasted 00:41:59 (8345 turns).

Bikalo the Jinx (Spriggan Enchanter)                Turns: 8345, Time: 00:41:59

HP  -4/40        AC  4     Str 13 (16) XL: 9   Next: 29%
MP   0/27        EV 21     Int 18      God:
Gold 214         SH  0     Dex 16      Spells:  6 memorised, 11 levels left

Res.Fire  : . . .   See Invis. : +   m - -1,+3 orc dagger (speed)
Res.Cold  : . . .   Warding    : .   b - +1 robe
Life Prot.: . . .   Conserve   : .   (shield restricted)
Res.Poison: .       Res.Corr.  : .   (helmet restricted)
Res.Elec. : .       Clarity    : .   I - +0 orc cloak
Sust.Abil.: . .     Spirit.Shd : .   (gloves unavailable)
Res.Mut.  : .       Stasis     : .   (boots unavailable)
Res.Rott. : .       Flight     : .   (no amulet)
Saprovore : . . .                    v - ring of flight
                                     H - cursed +5 ring of strength

@: exhausted, mighty, very poisoned, slowed, quick, quite resistant to hostile
enchantments, very stealthy
A: unfitting armour, see invisible, herbivore 3, speed 3, slow metabolism 2
a: Evoke Flight


You were on level 8 of the Dungeon.
You were very hungry.

You visited 2 branches of the dungeon, and saw 9 of its levels.

You collected 320 gold pieces.
You spent 126 gold pieces at shops.

Inventory:

Hand weapons
 a - a cursed +1,+1 dagger {=f}
 h - a +3,+0 dagger of protection
 m - a -1,+3 orcish dagger of speed (weapon)
 y - a +0 blowgun
Missiles
 d - 12 darts (quivered)
 z - 2 curare-tipped needles
Armour
 b - a +1 robe (worn)
 I - a +0 orcish cloak (worn)
Magical devices
 p - a wand of fire (2)
 B - a wand of digging (9) {unknown}
 D - a wand of lightning (1)
 E - a wand of confusion (1)
 G - a wand of cold (5)
 M - a wand of flame (10)
Comestibles
 r - a meat ration
 s - 3 bread rations
 P - an apricot
Scrolls
 g - a scroll of curse jewellery
 i - a scroll of enchant weapon I
 k - 11 scrolls of identify
 o - 2 scrolls of magic mapping
 u - 2 scrolls of recharging {unknown}
 x - a scroll of blinking {unknown}
 A - a scroll of remove curse {unknown}
 C - a scroll of amnesia {unknown}
 F - a scroll of enchant weapon II {unknown}
 N - a scroll of random uselessness {unknown}
Jewellery
 v - a ring of flight (right hand)
 H - a cursed +5 ring of strength (left hand)
 O - an uncursed amulet of the gourmand {unknown}
Potions
 e - 2 potions of porridge
 f - a potion of might
 n - 2 potions of curing
 q - a potion of brilliance
 t - a potion of restore abilities
 L - a potion of poison
Books
 c - a book of Maledictions

   Spells                             Type                      Level
   *Corona                            Hexes                        1
   Sure Blade                         Hexes/Charms                 2
   *Ensorcelled Hibernation           Hexes/Ice                    2
   *Confuse                           Hexes                        3
   Enslavement                        Hexes                        4
   Invisibility                       Hexes                        6
 w - a book of Party Tricks

   Spells                             Type                      Level
   *Summon Butterflies                Summoning                    1
   Apportation                        Translocation                1
   *Blink                             Translocation                2
   Alistair's Intoxication            Transmutation/Poison         4
   Tukima's Dance                     Hexes                        5
 K - a book of the Earth

   Spells                             Type                      Level
   Dig                                Earth                        4
   *Leda's Liquefaction               Hexes/Earth                  4
   Bolt of Magma                      Conjuration/Fire/Earth       5
   Statue Form                        Transmutation/Earth          6
   Iron Shot                          Conjuration/Earth            6
   Shatter                            Earth                        9


   Skills:
 + Level 1.4 Fighting
 - Level 2.1 Short Blades
 - Level 1.1 Throwing
 + Level 5.7 Dodging
 + Level 8.0 Stealth
 * Level 8.1 Spellcasting
 * Level 8.9 Hexes
 - Level 3.3 Summonings
 + Level 2.0 Earth Magic


You had 11 spell levels left.
You knew the following spells:

 Your Spells              Type           Power        Failure   Level  Hunger
a - Corona                Hex            #####..      1%          1    None
b - Ensorcelled Hibernat  Hex/Ice        ###...       1%          2    None
c - Summon Butterflies    Summ           ###.....     2%          1    None
d - Confuse               Hex            #####...     1%          3    #......
e - Leda's Liquefaction   Hex/Erth       ####......   12%         4    ###....
f - Blink                 Tloc           N/A          14%         2    None


Dungeon Overview and Level Annotations

Branches:
Dungeon (8/27)             Temple (1/1) D:6
    Orc: D:6-11        Lair: D:8-13

Altars:
Ashenzari
Elyvilon
Fedhas
Kikubaaqudgha
Makhleb
Sif Muna
Trog
Vehumet
Xom
Yredelemnul
Zin
the Shining One

Shops:
D:4 /


Innate Abilities, Weirdness & Mutations

You are tiny and cannot use many weapons and most armour.
You have supernaturally acute eyesight.
You are a herbivore.
You cover ground extremely quickly.
You need consume almost no food.


Message History

The worker ant waves its antennae.
The soldier ant completely misses you.
The worker ant bites you but does no damage.
The soldier ant closely misses you. The worker ant completely misses you.
Drink which item? (? for menu, Esc to quit)
There was something very wrong with that liquid!
You feel weakened.
It was a potion of degeneration.
* * * LOW HITPOINT WARNING * * *
You feel very sick.
The worker ant twitches its antennae in your direction.
The worker ant bites you.
* * * LOW HITPOINT WARNING * * *
The worker ant misses you. The worker ant completely misses you.
The worker ant waves its antennae.
The worker ant misses you. The worker ant completely misses you.
The soldier ant closely misses you. The worker ant misses you.
The worker ant completely misses you. The worker ant bites you.
You die...

### ## ###+## #.###.#
#..... ## ###.#.#.###
#.....
#.###a#.#.#...####.%..
##.#.#a.aa#...#.a##....
#.#..aaa#a.#....a.#....
#..aa@aaaa.....a..#...
#...a#aaaa#..#........
#.....a#aa.#...#..##..
#.aa..#aaaa...#a.......
#.#..aaa#aa.a...#...#...
# ##[a....#..#....##....
.#a..........#.#.####
.###a#..a..#a##.# ##
##########.#


You could see a queen ant, 10 soldier ants and 23 worker ants.

Vanquished Creatures
  Menkaure (D:4)
  2 orc warriors
  2 sky beasts
  A black bear (D:7)
  3 ogres
  A centaur (D:7)
  2 phantoms
  Sigmund (D:7)
  A water moccasin (D:7)
  3 giant frogs
  5 wights (D:6)
  A quasit (D:7)
  An orc priest (D:4)
  2 hounds
  4 iguanas
  9 orc wizards
  A scorpion (D:6)
  7 worker ants
  Ijyb (D:7)
  Terence (D:3)
  3 gnolls (D:4)
  7 adders
  A giant mite (D:6)
  An inept feature mimic (D:3)
  2 worms
  A giant eyeball (D:7)
  4 giant geckos
  29 orcs
  8 bats
  2 bat zombies
  2 giant cockroaches (D:2)
  9 goblins
  11 hobgoblins
  7 jackals
  11 kobolds
  3 quokkas
  A ball python (D:4)
  A giant cockroach zombie (D:5)
  6 giant newts
  A goblin zombie (D:5)
  A hobgoblin skeleton (D:4)
  A kobold skeleton (D:5)
  2 kobold zombies (D:5)
  19 rats
  A rat skeleton (D:5)
183 creatures vanquished.

Vanquished Creatures (collateral kills)
  A worker ant (D:8)
1 creature vanquished.

Vanquished Creatures (others)
  A giant cockroach (D:4)
  14 butterflies
15 creatures vanquished.

Grand Total: 199 creatures vanquished

Notes
Turn   | Place    | Note
--------------------------------------------------------------
     0 | D:1      | Bikalo, the Spriggan Enchanter, began the quest for the Orb.
     0 | D:1      | Reached XP level 1. HP: 9/9 MP: 4/4
   239 | D:1      | Reached XP level 2. HP: 11/13 MP: 7/7
   262 | D:1      | Reached skill level 4 in Hexes
   722 | D:1      | Learned a level 2 spell: Ensorcelled Hibernation
  1076 | D:2      | Reached XP level 3. HP: 14/16 MP: 10/10
  1810 | D:3      | Noticed Terence
  1979 | D:3      | Reached XP level 4. HP: 11/21 MP: 13/13
  2230 | D:3      | Killed Terence
  2561 | D:4      | Reached skill level 5 in Hexes
  2760 | D:4      | Noticed an ogre
  2792 | D:4      | Found Hiyne's Magical Wand Shoppe.
  2797 | D:4      | Killed an ogre
  2797 | D:4      | Reached skill level 5 in Spellcasting
  2797 | D:4      | Reached XP level 5. HP: 19/24 MP: 16/18
  2868 | D:4      | Bought a wand of lightning (5) for 126 gold pieces
  2871 | D:4      | Learned a level 1 spell: Summon Butterflies
  3256 | D:4      | Reached XP level 6. HP: 10/28 MP: 10/20
  3461 | D:4      | HP: 1/28 [gnoll/orcish flail (12)]
  3469 | D:4      | Reached skill level 1 in Summonings
  4077 | D:4      | Noticed a phantom
  4345 | D:4      | Noticed Menkaure
  4350 | D:4      | Paralysed by a potion of paralysis for 2 turns
  4377 | D:4      | Killed a phantom
  4400 | D:4      | Killed Menkaure
  4400 | D:4      | Reached skill level 6 in Spellcasting
  4400 | D:4      | Reached XP level 7. HP: 14/32 MP: 20/22
  4428 | D:4      | Learned a level 3 spell: Confuse
  4650 | D:5      | Entered Level 5 of the Dungeon
  4955 | D:5      | Reached skill level 5 in Stealth
  5534 | D:5      | Reached XP level 8. HP: 21/36 MP: 16/25
  5749 | D:6      | Reached skill level 7 in Hexes
  6119 | D:6      | Reached skill level 8 in Hexes
  6206 | D:6      | Found a staircase to the Ecumenical Temple.
  6214 | Temple   | Entered the Ecumenical Temple
  6595 | D:6      | Learned a level 4 spell: Leda's Liquefaction
  6598 | D:6      | Learned a level 2 spell: Blink
  6839 | D:7      | Noticed Ijyb
  6853 | D:7      | Killed Ijyb
  7188 | D:7      | Reached skill level 5 in Dodging
  7230 | D:7      | Found a radiant altar of Vehumet.
  7276 | D:7      | Reached skill level 1 in Earth Magic
  7448 | D:7      | Reached skill level 1 in Fighting
  7448 | D:7      | Reached XP level 9. HP: 31/40 MP: 16/27
  7546 | D:7      | Noticed Sigmund
  8011 | D:7      | Killed Sigmund
  8337 | D:8      | Noticed a queen ant
  8345 | D:8      | HP: 2/40 [worker ant (4)]
  8345 | D:8      | Slain by a worker ant

Action                   |  1- 3 |  4- 6 |  7- 9 || total
-------------------------+-------+-------+-------++-------
Melee: Dagger            |   206 |   155 |   375 ||   736
 Fire: Blowgun           |       |     7 |       ||     7
Throw: Dart              |       |       |     1 ||     1
 Cast: Ensorcelled Hiber |     1 |    37 |    83 ||   121
       Summon Butterflie |       |    12 |    15 ||    27
       Corona            |       |     2 |       ||     2
       Confuse           |       |       |    40 ||    40
       Leda's Liquefacti |       |       |     2 ||     2
       Blink             |       |       |     4 ||     4
Evoke: Wand              |       |     9 |       ||     9
  Use: Scroll            |     1 |     3 |     3 ||     7
       Potion            |       |     7 |     7 ||    14
 Stab: Sleeping          |    10 |    23 |    52 ||    85
       Confused          |       |     2 |    13 ||    15
